 Dungeon Crawl Stone Soup version 0.27-a0-522-g46bbb28828 (webtiles) character file.

Game seed: 8308709001509282231

127 kae the Chopper (level 5, 0/47 HPs)
             Began as a Hill Orc Fighter on Mar 4, 2021.
             Slain by an orc wizard
             ... wielding a +0 dagger
              (5 damage)
             ... on level 3 of the Dungeon.
             The game lasted 00:00:47 (1160 turns).

kae the Chopper (Hill Orc Fighter)                  Turns: 1160, Time: 00:00:48

Health: 0/47       AC:  7    Str: 19 (20) XL:     5   Next: 11%
Magic:  5/5        EV:  7    Int:  6 (8)  God:
Gold:   69         SH:  9    Dex:  9 (10) Spells: 4/4 levels left

rFire    . . .     SeeInvis .   a - +0 war axe
rCold    . . .     Faith    .   c - +0 kite shield
rNeg     . . .     Spirit   .   b - +0 scale mail
rPois    .         Reflect  .   (no helmet)
rElec    .         Harm     .   (no cloak)
rCorr    .         Rampage  .   (no gloves)
Will     .....                  (no boots)
Stlth    ..........             (no amulet)
HPRegen  0.15/turn              (no ring)
MPRegen  0.09/turn              (no ring)

@: mighty, brilliant, flying
A: no striking features
a: no special abilities


You were on level 3 of the Dungeon.
You visited 1 branch of the dungeon, and saw 4 of its levels.

You collected 69 gold pieces.

Inventory:

Hand Weapons
 a - a +0 war axe (weapon)
Armour
 b - a +0 scale mail (worn)
 c - a +0 kite shield (worn)
Scrolls
 e - 2 scrolls of teleportation {unknown}
 f - a scroll of random uselessness {unknown}


   Skills:
 + Level 4.6 Fighting
 * Level 5.1 Axes
 + Level 4.2 Armour
 - Level 3.2 Shields


You had 4 spell levels left.
You didn't know any spells.
Your spell library was empty.

Dungeon Overview and Level Annotations

Branches:
Dungeon (4/15)
 Temple: D:4-7

Altars:


Message History

The magic dart hits you.
* * * LOW HITPOINT WARNING * * *
You hit something. Something hits you.
* * * LOW HITPOINT WARNING * * *
You closely miss something. Something hits you but does no damage.
You miss something.
You hear some strange, mumbled words.
You are confused.
Something hits you but does no damage.
It was a potion of magic.
Magic courses through your body. Something hits you but does no damage.
It was a potion of brilliance.
You feel clever all of a sudden. Something hits you but does no damage.
It was a potion of flight.
You feel very buoyant.
You fly up into the air.
Something hits you but does no damage.
It was a potion of degeneration.
There was something very wrong with that liquid.
You feel weakened.
You feel dopey.
You feel clumsy. Something hits you but does no damage.
You are too confused!
Unknown command.
You feel very mighty all of a sudden. Something hits you.
* * * LOW HITPOINT WARNING * * *
An orc comes into view. It is wielding a +2 vampiric hand axe.
The orc shouts!
You feel less confused.
There is an escape hatch in the floor here.
You barely miss something. Something hits you.
* * * LOW HITPOINT WARNING * * *
Something hits you but does no damage.
You miss something. Something hits you.
* * * LOW HITPOINT WARNING * * *
You closely miss something.
Something hits you but does no damage. x2
You closely miss something. You slash the orc!
You kill the orc!
Something hits you.
You die...

....... .......
. ........< #.
...$..... .#
##. .......#
.##...
.......##....#
##....#.....#
##..!..@)....##
#.......(.....#
#...?†.>.......
#......$.....#.
##..........##
##...##...##
##### ####


There were no monsters in sight!

Vanquished Creatures
  A centaur skeleton (D:4)
  Robin (D:2)
  3 adders
  An ooze (D:1)
  An adder skeleton (D:4)
  2 worms (D:2)
  A dart slug (D:1)
  An orc (D:3)
  4 giant cockroaches
  8 goblins
  5 hobgoblins
  A ball python (D:2)
  5 bats
  7 frilled lizards
  5 kobolds
  6 rats
52 creatures vanquished.

Vanquished Creatures (others)
  A plant (D:1)
1 creature vanquished.

Grand Total: 53 creatures vanquished

Notes
Turn   | Place    | Note
-------+----------+-------------------------------------------
     0 | D:1      | kae the Hill Orc Fighter began the quest for the Orb.
     0 | D:1      | Reached XP level 1. HP: 19/19 MP: 1/1
    19 | D:1      | Reached skill level 3 in Axes
   108 | D:1      | Reached XP level 2. HP: 27/27 MP: 2/2
   430 | D:1      | Reached XP level 3. HP: 33/33 MP: 3/3
   696 | D:2      | Reached skill level 4 in Axes
   842 | D:2      | Noticed Robin
   848 | D:2      | Killed Robin
   849 | D:2      | Reached XP level 4. HP: 36/40 MP: 4/4
  1069 | D:2      | You fall into a shaft and drop 2 floors!
  1120 | D:4      | Reached skill level 5 in Axes
  1120 | D:4      | Reached XP level 5. HP: 41/47 MP: 5/5
  1160 | D:3      | Slain by an orc wizard

Illustrated notes

Levels and vault maps discovered:
D:1:      beargit_arrival_greenhouse, layout_rooms, serial_bayou,
          serial_bayou_pond_a, serial_bayou_pond_a, serial_bayou_shore_b,
          serial_bayou_pond_e
D:2:      layout_basic, uniq_robin
D:3:      layout_rooms, grunt_temple_overflow_holy_war, eino_curves_02,
          uniq_purgy
D:4:      minmay_bubble_buster, layout_basic

Skill      XL: |  1  2  3  4 |
---------------+-------------+-----
Axes           | 3 4 5 |  5.1
Fighting       | 4 |  4.6
Armour         | 4 |  4.2
Shields        | |  3.2

Action                   |  1- 3 |  4- 6 || total
-------------------------+-------+-------++-------
Melee: War axe           |    89 |    56 ||   145
  Use: Potion            |       |     5 ||     5
Armor: Scale mail        |    30 |    54 ||    84
Dodge: Dodged            |    30 |    24 ||    54
Block: Kite shield       |    51 |    31 ||    82

Table legend: (Time is in decaauts)
 A = Elapsed time spent in this place.
 B = Non-inter-level travel time spent in this place.
 C = Inter-level travel time spent in this place.
 D = Time resting spent in this place.
 E = Time spent auto-exploring this place.
 F = Levels seen in this place.
 G = Mean time per level.
                   A        B        C        D        E       F      G
               +--------+--------+--------+--------+--------+-----+--------+
         Total |   1243 |   1221 |     22 |    156 |    728 |   4 |  310.8 |
       Dungeon |   1243 |   1221 |     22 |    156 |    728 |   4 |  310.8 |
               +--------+--------+--------+--------+--------+-----+--------+

Top non-repeatable levels by time:
     D:1: 625 daAuts
     D:2: 512 daAuts
     D:4: 60 daAuts
     D:3: 45 daAuts
